 Dungeon Crawl Stone Soup version 0.23.0-3-gf3c87f2 (webtiles) character file.

Game seed: 12371632358229796547

364 Kairos the Chopper (level 6, -3/32 HPs)
             Began as a Vine Stalker Fighter on Feb 24, 2019.
             Slain by Crazy Yiuf
             ... wielding a +4 quarterstaff of chaos
              (9 damage)
             ... on level 2 of the Dungeon.
             The game lasted 00:07:58 (2787 turns).

Kairos the Chopper (Vine Stalker Fighter)           Turns: 2787, Time: 00:07:59

Health: -3/32      AC: 13    Str: 20    XL:     6   Next: 67%
Magic:  0/7        EV:  7    Int:  8    God:
Gold:   221        SH:  9    Dex: 14    Spells: 5/5 levels left

rFire    x . .     SeeInvis .   a - +0 war axe
rCold    + + .     Gourm    .   c - +0 shield
rNeg     . . .     Faith    .   j - +1 ice dragon scales
rPois    +         Spirit   +   g - +2 hat
rElec    .         Reflect  .   (no cloak)
rCorr    .         Harm     .   (no gloves)
MR       .....                  (no boots)
Stlth    ..........             o - amulet of magic regeneration
HPRegen  0.50/turn              e - ring of poison resistance
MPRegen  0.35/turn              (no ring)

@: about to teleport, lightly drained
A: fangs 2, regeneration 1, magic shield, antimagic bite, no potion heal 3, rot
immunity
a: no special abilities


You were on level 2 of the Dungeon.
You were hungry.

You visited 1 branch of the dungeon, and saw 3 of its levels.
You also visited: Sewer.

You collected 221 gold pieces.

Inventory:

Hand Weapons
 a - a +0 war axe (weapon)
 h - a +3 flail of crushing
 u - a +0 short sword of speed
Missiles
 i - 25 sling bullets
 s - 4 tomahawks (quivered)
Armour
 b - a +0 scale mail
 c - a +0 shield (worn)
 g - a +2 hat (worn)
 j - +1 ice dragon scales (worn)
Jewellery
 e - a ring of poison resistance (left hand)
 o - an amulet of magic regeneration (around neck)
Scrolls
 m - 2 scrolls of teleportation
 w - 2 scrolls of remove curse {unknown}
Potions
 d - 2 potions of lignification {unknown}
 k - a potion of cancellation {unknown}
 l - 3 potions of haste
 n - 11 potions of curing {unknown}
 p - 2 potions of flight {unknown}
 q - a potion of heal wounds {unknown}
 r - a potion of mutation {unknown}
 t - 3 potions of agility {unknown}
 v - a potion of might
Comestibles
 f - 7 rations


   Skills:
 + Level 3.5(3.2) Fighting
 + Level 4.6(4.4) Axes
 + Level 3.0(2.7) Armour
 + Level 1.2(0.9) Dodging
 + Level 3.5(3.3) Shields


You had 5 spell levels left.
You didn't know any spells.
Your spell library was empty.

Dungeon Overview and Level Annotations

Branches:
Dungeon (3/15)

Altars:
Dithmenos
Hepliaklqana

Annotations:
D:2 Crazy Yiuf


Innate Abilities, Weirdness & Mutations

You have extremely sharp teeth.
Your natural rate of healing is unusually fast.
When hurt, damage is shared between your health and your magic reserves.
Your bite disrupts and absorbs the magic of your enemies.
Potions cannot restore your health.
You are immune to rotting.


Message History

You can move again.
Crazy Yiuf says, "Orb!"
You block Crazy Yiuf's attack.
Crazy Yiuf hits you with a +4 quarterstaff of chaos.
Crazy Yiuf barely misses you.
Crazy Yiuf cries, "Rifle head stair!"
You block Crazy Yiuf's attack. Crazy Yiuf closely misses you.
Crazy Yiuf hits you but does no damage.
You are electrocuted!!
There is an escape hatch in the ceiling here.
Crazy Yiuf sings, "Trees, trees, trees, circus!"
Crazy Yiuf hits you with a +4 quarterstaff of chaos.
* * * LOW HITPOINT WARNING * * *
Crazy Yiuf burns you.
* * * LOW HITPOINT WARNING * * *
A mysterious force pulls you upwards. The hatch slams shut behind you.
As you read the scroll of teleportation, it crumbles to dust.
You feel strangely unstable. You block Crazy Yiuf's attack.
Crazy Yiuf hits you with a +4 quarterstaff of chaos!
You die...

.#########.....#.....##
.#######.....#.#..##..#
.##...##.#####.#########
.##......# #.# ##_##
.##...#### #.# 8.(.8#
.....## #.### .....#
###### #...#8.....8
###g##.....## #@##8...8#
#.# #.# #.# #.# #.# ##
#.####### #......#
########


You could see Crazy Yiuf.

Vanquished Creatures
  A big kobold (Sewer)
  Terence (D:2)
  2 gnolls (D:1)
  8 adders
  5 river rats (Sewer)
  An ooze (D:2)
  4 worms
  A dart slug (D:1)
  A leopard gecko (D:2)
  4 orcs
  6 giant cockroaches
  8 hobgoblins
  7 jackals
  3 ball pythons (Sewer)
  5 bats (D:1)
  4 frilled lizards
  3 goblins
  26 kobolds
  35 rats
125 creatures vanquished.

Notes
Turn   | Place    | Note
-------+----------+-------------------------------------------
     0 | D:1      | Kairos the Vine Stalker Fighter began the quest for the
                  | Orb.
     0 | D:1      | Reached XP level 1. HP: 11/11 MP: 2/2
   209 | D:1      | Reached XP level 2. HP: 16/16 MP: 3/3
   246 | D:1      | Reached skill level 2 in Axes
   295 | D:1      | Reached XP level 3. HP: 10/19 MP: 4/4
   750 | D:2      | Gained mutation: Your natural rate of healing is unusually
                  | fast. [Vine Stalker growth]
   750 | D:2      | Reached XP level 4. HP: 22/24 MP: 5/5
   783 | D:2      | Noticed Terence
   804 | D:2      | Killed Terence
   910 | D:2      | Found a hazy altar of Hepliaklqana.
   914 | D:2      | Reached skill level 3 in Axes
   924 | D:2      | Reached XP level 5. HP: 28/28 MP: 6/6
  1258 | D:2      | Found a shadowy altar of Dithmenos.
  1872 | D:3      | Found a glowing drain.
  1876 | Sewer    | Entered a sewer
  1908 | Sewer    | Noticed a big kobold
  1912 | Sewer    | Reached skill level 1 in Dodging
  1916 | Sewer    | Killed a big kobold
  1916 | Sewer    | Reached skill level 4 in Axes
  1916 | Sewer    | Reached XP level 6. HP: 32/32 MP: 7/7
  2636 | D:3      | Found a runed translucent door.
  2637 | D:3      | Noticed Crazy Yiuf
  2767 | D:3      | Paralysed by Crazy Yiuf for 5 turns
  2787 | D:2      | Slain by Crazy Yiuf

Skill      XL: |  1  2  3  4  5  6 |
---------------+-------------------+-----
Axes           | 2 3 4 |  4.6
Shields        | 3 |  3.5
Fighting       | 3 |  3.5
Dodging        | 1 |  1.2
Armour         | 3 |  3.0

Action                   |  1- 3 |  4- 6 || total
-------------------------+-------+-------++-------
Melee: War axe           |    86 |   237 ||   323
       Bite              |    20 |    68 ||    88
  Use: Potion            |     1 |       ||     1
       Scroll            |     1 |     6 ||     7
  Eat: Chunk             |       |     6 ||     6
Armor: Scale mail        |    22 |       ||    22
       Ice dragon scales |    15 |   124 ||   139
Dodge: Dodged            |    22 |    64 ||    86
Block: Shield            |    61 |   124 ||   185
